 Dungeon Crawl Stone Soup version 0.29-a0-2-g12fcac58f8 (webtiles) character file.

Game seed: 17788954156483848835

7524 kae the Grappler (level 10, -2/100 HPs)
             Began as a Grey Draconian Transmuter on Jan 26, 2022.
             Was a Priest of Ru.
             Slain by Urug (3 damage)
             ... on level 10 of the Dungeon.
             The game lasted 00:09:09 (12408 turns).

kae the Grappler (Grey Draconian Transmuter)       Turns: 12408, Time: 00:09:10

Health: -2/100     AC:  8    Str: 21    XL:     10   Next: 95%
Magic:  0/27       EV: 11    Int: 20    God:    Ru [***...]
Gold:   628        SH:  0    Dex: 10    Spells: 12/20 levels left

rFire   x . .      SeeInvis +     - Unarmed
rCold   + + +      Faith    .   (shield currently unavailable)
rNeg    . . .      Spirit   +   (armour unavailable)
rPois   +          Reflect  .   (helmet currently unavailable)
rElec   .          Harm     .   (cloak currently unavailable)
rCorr   .          Rampage  .   (gloves currently unavailable)
Will    +....                   (boots currently unavailable)
Stlth   +.........              o - amulet "Voeby" {Spirit Int+5 Dex-2}
HPRegen 0.26/turn               a - ring of Disaster {MP+9 Str+6 SInv}
MPRegen 0.20/turn               s - ring of willpower

@: lethally poisoned (-2 -> -27), ice-form, unable to drink, unable to read
A: freezing attack, boosted hp, AC +12, amphibious, large, unfitting armour,
(cold-blooded), inability to drink while threatened, inability to read while
threatened
a: End Transformation, Renounce Religion, Draw Out Power


You were on level 10 of the Dungeon.
You worshipped Ru.
Ru was most pleased with you.
You were a creature of crystalline ice.
You visited 2 branches of the dungeon, and saw 11 of its levels.
You also visited: Sewer and Ossuary.

You collected 628 gold pieces.

Inventory:

Hand Weapons
 b - a +4 demon trident of venom (melded)
Missiles
 d - 4 throwing nets
Armour
 w - a +1 cloak (melded)
 B - a +2 pair of gloves (melded)
Jewellery
 a - the ring of Disaster (left front paw) {MP+9 Str+6 SInv}
   (You acquired it on level 3 of the Dungeon)

   [ring of strength]

   Str:       It affects your strength (+6).
   MP:        It affects your magic capacity (+9).
   SInv:      It lets you see invisible.
 o - the amulet "Voeby" (around neck) {Spirit Int+5 Dex-2}
   (You found it on level 5 of the Dungeon)

   [amulet of guardian spirit]

   It causes incoming damage to be divided between your reserves of health and
   magic.
   Int:       It affects your intelligence (+5).
   Dex:       It affects your dexterity (-2).
 s - a ring of willpower (right front paw)
 y - a ring of flight
 z - a ring of protection from cold
Wands
 j - a wand of flame (9)
 p - a wand of paralysis (6)
 r - a wand of polymorph (25)
 A - a wand of digging (5)
Scrolls
 c - 3 scrolls of immolation
 e - a scroll of fog
 g - 3 scrolls of teleportation
 i - 2 scrolls of fear
 n - a scroll of magic mapping
 C - 4 scrolls of identify
 D - a scroll of enchant armour
Potions
 f - a potion of ambrosia
 h - 4 potions of curing
 k - 4 potions of might
 l - 3 potions of degeneration
 m - 2 potions of mutation
 q - 3 potions of haste
 u - a potion of brilliance
 v - 3 potions of lignification
 x - a potion of attraction
 E - a potion of flight


   Skills:
 + Level 6.7 Fighting
 + Level 5.7 Dodging
 * Level 9.1 Unarmed Combat
 + Level 5.8 Spellcasting
 * Level 8.8 Transmutations
 - Level 5.0 Ice Magic
 - Level 2.0 Poison Magic


You had 12 spell levels left.
You knew the following spells:

 Your Spells              Type           Power      Damage    Failure   Level
a - Beastly Appendage     Tmut           82%        N/A       1%          1
b - Spider Form           Tmut/Pois      27%        N/A       3%          3
c - Ice Form              Ice/Tmut       33%        N/A       6%          4

Your spell library contained the following spells:

 Spells                   Type           Power      Damage    Failure   Level
 Wereblood                Tmut           41%        N/A       1%          2
 Passwall                 Tmut/Erth      19%        N/A       2%          2
 Ensorcelled Hibernation  Hex/Ice        30%        N/A       6%          2
 Ignite Poison            Fire/Tmut/Pois 20%        N/A       7%          3
 Sandblast                Erth           10%        2d5       11%         1
 Shock                    Conj/Air       20%        1d4       11%         1
 Poisonous Vapours        Pois/Air       18%        N/A       11%         2
 Corpse Rot               Necr/Air       10%        N/A       16%         2
 Conjure Flame            Conj/Fire      5%         6-21      32%         3
 Inner Flame              Hex/Fire       5%         N/A       32%         3
 Stone Arrow              Conj/Erth      10%        3d7       32%         3
 Swiftness                Air            5%         N/A       32%         3
 Airstrike                Air            2%         N/A       71%         4
 Cause Fear               Hex            2%         N/A       71%         4
 Sticky Flame             Conj/Fire      5%         2d3       71%         4
 Discord                  Hex            2%         N/A       100%        8


Dungeon Overview and Level Annotations

Branches:
Dungeon (10/15)            Temple (1/1) D:4            Lair (0/6) D:10
  Sewer (visited)         Ossuary (visited)
    Orc: D:9-12

Altars:
Ashenzari
Cheibriados
Dithmenos
Elyvilon
Fedhas
Gozag
Hepliaklqana
Kikubaaqudgha
Makhleb
Nemelex Xobeh
Okawaru
Qazlal
Ru
Sif Muna
Trog
Uskayaw
Vehumet
Wu Jian
Xom
Yredelemnul
Zin
The Shining One

Shops:
D:4 *   D:7 (

Annotations:
D:10 exclusion: boulder beetle, Urug


Innate Abilities, Weirdness & Mutations

You are a creature of crystalline ice.
You have a powerful freezing melee attack.
Your maximum health is increased.
Your armour is entirely melded.
You are incapable of wielding weapons or throwing items.
((Your dull iron-grey scales are very hard. (AC +12)))
You are amphibious.
You cannot fit into any form of body armour.
((You are cold-blooded and may be slowed by cold attacks.))
You sometimes lose the ability to drink potions when taking damage.
You sometimes lose the ability to read scrolls when taking damage.


Message History

There is a stone staircase leading up here.
You feel extremely sick.
Urug hits you with a +4 halberd of venom!
You see here the +4 dagger "Morg" {pain, Will+ Int+5}.
You punch Urug! You freeze Urug.
Urug is moderately wounded.
You feel very sick.
Urug hits you with a +4 halberd of venom!
You feel threatened and lose the ability to drink potions!
You are too injured to fight recklessly!
You barely miss Urug.
Urug is moderately wounded.
You feel very sick.
You punch Urug! You freeze Urug.
Urug is moderately wounded.
You feel very sick.
Urug hits you with a +4 halberd of venom!!
You feel threatened and lose the ability to read scrolls!
* * * LOW HITPOINT WARNING * * *
You are lethally poisoned!
You punch Urug! You freeze Urug.
Urug is heavily wounded.
* * * LOW HITPOINT WARNING * * *
You feel extremely sick.
Urug hits you with a +4 halberd of venom!
* * * LOW HITPOINT WARNING * * *
You cannot drink potions in your current state!
You cannot read scrolls in your current state!
You punch Urug! You freeze Urug.
Urug is severely wounded.
* * * LOW HITPOINT WARNING * * *
You feel very sick.
You redirect Urug's attack!
Urug hits herself with a +4 halberd of venom!
You barely miss Urug.
Urug is almost dead.
* * * LOW HITPOINT WARNING * * *
You feel very sick.
Urug hits you with a +4 halberd of venom!
You die...

....# #.# # #.)†# ##..# #.#.# #)#
# ##..###.#. ########.##.#
##^.....> ............#
........## #####..o.####
.........### ###..##
...........########...#
...)............o.....########
........#(####..Y##.#........#
........#.## ###<............####
........#..#####....#........#...
.....>..##...................#...
############........#............
##........#########...........
####..######## #.......#...
.....## #########... ###### #...


You could see Urug.

Vanquished Creatures
  3 two-headed ogres
  An elephant (D:10)
  Joseph (D:7)
  Psyche (D:10)
  A troll (D:9)
  Prince Ribbit (D:7)
  2 wyverns
  A basilisk (D:10)
  Menkaure (D:6)
  A water moccasin (D:8)
  2 black bears
  The ghost of kwass the Scratcher, an amateur FeTm of Qazlal (D:4)
  Pargi (Sewer)
  A necrophage (D:7)
  5 ice beasts
  4 ogres
  A centaur (D:9)
  An elf zombie (Ossuary)
  4 bullfrogs
  A gnoll sergeant (D:6)
  2 wyvern zombies
  4 scorpions
  9 killer bees
  3 wights (D:6)
  A howler monkey (D:8)
  5 centaur zombies
  5 jellies
  A centaur skeleton (D:5)
  A gnoll shaman (D:7)
  A human zombie (Ossuary)
  Crazy Yiuf (D:6)
  A hound (D:4)
  2 orc priests (D:5)
  An iron imp (D:7)
  Ijyb (D:5)
  2 iguanas
  5 orc wizards
  4 mummies (Ossuary)
  Robin (D:3)
  7 gnolls
  12 adders
  2 white imps
  An adder zombie (Ossuary)
  A worm (D:2)
  A dart slug (D:2)
  12 orcs
  3 endoplasms
  6 giant cockroaches
  15 goblins
  7 hobgoblins
  10 jackals
  5 kobolds
  A quokka (D:2)
  3 training dummies (D:7)
  4 ball pythons
  9 bats
  4 frilled lizards
  2 goblin skeletons (D:7)
  3 goblin zombies
  3 hobgoblin zombies (Ossuary)
  A kobold skeleton (D:7)
  A kobold zombie (Ossuary)
  2 orc skeletons (D:7)
  6 orc zombies
  6 rats
211 creatures vanquished.

Vanquished Creatures (others)
  2 fungi (D:10)
  A plant (D:10)
3 creatures vanquished.

Grand Total: 214 creatures vanquished

Notes
Turn   | Place    | Note
-------+----------+-------------------------------------------
     0 | D:1      | kae the Draconian Transmuter began the quest for the Orb.
     0 | D:1      | Reached XP level 1. HP: 16/16 MP: 3/3
   473 | D:1      | Reached XP level 2. HP: 23/23 MP: 3/5
   725 | D:1      | Found a faded altar of an unknown god.
  1046 | D:2      | Reached XP level 3. HP: 28/28 MP: 4/6
  1050 | D:2      | Learned a level 3 spell: Spider Form
  1203 | D:2      | Found a hazy altar of Hepliaklqana.
  1810 | D:2      | Reached XP level 4. HP: 36/36 MP: 5/7
  1971 | D:3      | Noticed Robin
  2292 | D:3      | Found a shadowy altar of Dithmenos.
  2346 | D:3      | Reached skill level 1 in Poison Magic
  2587 | D:3      | Killed Robin
  2776 | D:3      | Identified a scroll of acquirement
  2776 | D:3      | Acquired the ring of Disaster {MP+9 Str+6 SInv}
  2883 | D:4      | Found a sand-covered staircase.
  2889 | Ossuary  | Entered an ossuary
  2922 | Ossuary  | Reached XP level 5. HP: 41/41 MP: 8/8
  2959 | Ossuary  | Reached skill level 4 in Unarmed Combat
  2966 | Ossuary  | Reached XP level 6. HP: 32/49 MP: 10/10
  3295 | D:4      | Found a staircase to the Ecumenical Temple.
  3334 | Temple   | Entered the Ecumenical Temple
  3793 | Temple   | Became a worshipper of Ru the Awakened
  4010 | D:4      | Found Joemaur's Lightly-Used Armoury.
  4259 | D:4      | Found a runed translucent door.
  4266 | D:4      | Noticed kwass's ghost (amateur FeTm)
  4586 | D:4      | Learned a level 4 spell: Ice Form
  4824 | D:4      | Killed kwass's ghost
  4825 | D:4      | Your scales start taking on a dull iron-grey colour.
  4825 | D:4      | Reached XP level 7. HP: 57/57 MP: 11/11
  4872 | D:5      | Entered Level 5 of the Dungeon
  4923 | D:5      | Reached skill level 5 in Unarmed Combat
  4947 | D:5      | Identified the amulet "Voeby" {Spirit Int+5 Dex-2}
  5011 | D:5      | Noticed Ijyb
  5030 | D:5      | Killed Ijyb
  5267 | D:5      | Found a glowing drain.
  5427 | Sewer    | Entered a sewer
  5495 | Sewer    | Noticed Pargi
  5501 | Sewer    | Killed Pargi
  5543 | Sewer    | Gained mutation: You sometimes lose the ability to drink
                  | potions when taking damage. [Ru sacrifice]
  5543 | Sewer    | Reached * piety under Ru
  5623 | D:5      | Noticed a two-headed ogre
  5992 | D:5      | Reached skill level 1 in Ice Magic
  5999 | D:5      | Reached skill level 5 in Transmutations
  6005 | D:5      | Reached XP level 8. HP: 40/66 MP: 13/13
  6261 | D:5      | Killed a two-headed ogre
  6262 | D:5      | Reached skill level 6 in Unarmed Combat
  6454 | D:6      | Reached XP level 9. HP: 56/72 MP: 11/15
  6713 | D:6      | Found a runed translucent door.
  6714 | D:6      | Noticed Crazy Yiuf
  7534 | D:6      | Noticed Menkaure
  7544 | D:6      | Killed Menkaure
  7545 | D:6      | Reached skill level 5 in Fighting
  7545 | D:6      | Reached skill level 7 in Unarmed Combat
  8190 | D:6      | Killed Crazy Yiuf
  8351 | D:7      | Found a glowing golden altar of the Shining One.
  8562 | D:7      | Noticed Joseph
  8624 | D:7      | Found Amueroudi's Firing Range.
  8666 | D:7      | Noticed Prince Ribbit
  8676 | D:7      | Killed Prince Ribbit
  8904 | D:7      | Reached skill level 5 in Ice Magic
  9568 | D:7      | Killed Joseph
  9787 | D:8      | Reached XP level 10. HP: 81/81 MP: 17/17
  9869 | D:8      | Found a glowing silver altar of Zin.
  9947 | D:8      | Noticed a two-headed ogre
  9954 | D:8      | Killed a two-headed ogre
  9955 | D:8      | Reached skill level 5 in Dodging
  9955 | D:8      | Reached skill level 8 in Unarmed Combat
  9955 | D:8      | Reached skill level 5 in Spellcasting
 10116 | D:8      | Gained mutation: You sometimes lose the ability to read
                  | scrolls when taking damage. [Ru sacrifice]
 10116 | D:8      | Reached ** piety under Ru
 10116 | D:8      | Reached *** piety under Ru
 11044 | D:9      | Noticed a two-headed ogre
 11051 | D:9      | HP: 3/99 [two-headed ogre (23)]
 11054 | D:9      | Killed a two-headed ogre
 11745 | D:10     | Entered Level 10 of the Dungeon
 11745 | D:10     | Found the +4 dagger "Morg" {pain, Will+ Int+5}
 11901 | D:10     | Noticed a boulder beetle
 11906 | D:10     | Noticed a radroach
 11906 | D:10     | a boulder beetle changed into a radroach
 11959 | D:10     | Found a stormy altar of Qazlal.
 12159 | D:10     | Noticed an elephant
 12159 | D:10     | Noticed Psyche
 12167 | D:10     | Noticed Urug
 12168 | D:10     | Killed an elephant
 12169 | D:10     | Reached skill level 9 in Unarmed Combat
 12175 | D:10     | Killed Psyche
 12176 | D:10     | Found a staircase to the Lair.
 12408 | D:10     | HP: 1/100 [poisoned by Urug]
 12408 | D:10     | Slain by Urug

Illustrated notes

Levels and vault maps discovered:
D:1:      mrwooster_arrival_statue, layout_basic,
          hellmonk_ecumenical_altar_zigzags
D:2:      layout_rooms, basic_altar, st_stairs_14, nrook_uturn
D:3:      layout_loops_ring, nicolae_dithmenos_the_darkroom, uniq_robin
D:4:      layout_basic, minmay_temple_entry_offerings, ebering_ghost_sewer_d,
          nicolae_ossuary_entry_plus, grunt_decor_mini_mirrors,
          eino_tiny_chamber, minmay_shop_damaged, item_on_display_a
D:5:      layout_rooms, gup_sewer_entry_bubbles, uniq_ijyb
D:6:      layout_layer_cave, uniq_crazy_yiuf_cottage, uniq_menkaure
D:7:      layout_basic, nicolae_tso_besieged_by_evil, nicolae_shop_firing_range,
          uniq_prince_ribbit1, uniq_joseph
D:8:      layout_cave_pools, zin_treasury, minivault_27
D:9:      layout_roguey
D:10:     cheibrodos_elevator_heist, layout_rooms,
          nicolae_qazlal_scattered_showers, david_lair_generic, orc_0_dummy,
          nooodl_orcs_dogs, uniq_urug, uniq_psyche
Temple:   hc_temple_tempest_star

Skill      XL: |  1  2  3  4  5  6  7  8  9 10 |
---------------+-------------------------------+-----
Dodging        | 2 3 4 5 |  5.7
Poison Magic   | 1 2 |  2.0
Fighting       | 2 3 4 5 6 |  6.7
Transmutations | 3 4 5 6 7 8 |  8.8
Unarmed Combat | 4 5 6 7 9 |  9.1
Spellcasting   | 3 4 5 |  5.8
Ice Magic      | 1 3 5 |  5.0

Action                   |  1- 3 |  4- 6 |  7- 9 | 10-12 || total
-------------------------+-------+-------+-------+-------++-------
Melee: Unarmed           |    27 |    11 |   192 |   101 ||   331
       Kick              |     8 |    11 |       |       ||    19
       Headbutt          |     3 |     3 |       |       ||     6
       Demon trident     |    61 |   144 |    47 |       ||   252
       Tailslap          |     4 |    12 |     3 |       ||    19
 Cast: Beastly Appendage |    17 |    17 |     1 |       ||    35
       Spider Form       |       |     1 |     8 |       ||     9
       Ice Form          |       |     1 |    25 |    18 ||    44
Invok: Sacrifice Drink   |       |       |     1 |       ||     1
       Draw Out Power    |       |       |       |     1 ||     1
       Sacrifice Words   |       |       |       |     1 ||     1
Evoke: Wand              |       |       |     4 |     4 ||     8
  Use: Scroll            |       |    15 |     6 |     2 ||    23
       Potion            |       |       |       |     2 ||     2
 Stab: Sleeping          |     2 |       |     2 |       ||     4
       Paralysed         |       |       |     4 |       ||     4
       Distracted        |       |       |       |     1 ||     1
Armor: Skin              |    27 |    45 |    61 |    39 ||   172
Dodge: Dodged            |    57 |    97 |   104 |    78 ||   336

Table legend: (Time is in decaauts)
 A = Elapsed time spent in this place.
 B = Non-inter-level travel time spent in this place.
 C = Inter-level travel time spent in this place.
 D = Time resting spent in this place.
 E = Time spent auto-exploring this place.
 F = Levels seen in this place.
 G = Mean time per level.
                   A        B        C        D        E       F      G
               +--------+--------+--------+--------+--------+-----+--------+
         Total |  12458 |  12028 |    430 |   1231 |   9047 |  13 |  958.3 |
       Dungeon |  11437 |  11064 |    373 |   1210 |   8301 |  10 | 1143.7 |
        Temple |    489 |    432 |     57 |      0 |    409 |   1 |  489.0 |
         Sewer |    125 |    125 |      0 |     21 |     69 |   1 |  125.0 |
       Ossuary |    406 |    406 |      0 |      0 |    268 |   1 |  406.0 |
               +--------+--------+--------+--------+--------+-----+--------+

Top non-repeatable levels by time:
     D:6: 1848 daAuts
     D:4: 1515 daAuts
     D:7: 1485 daAuts
     D:9: 1424 daAuts
     D:2: 1083 daAuts
     D:5: 1075 daAuts
     D:1: 969 daAuts
     D:8: 947 daAuts
     D:3: 832 daAuts
  Temple: 489 daAuts
 Ossuary: 406 daAuts
    D:10: 254 daAuts
   Sewer: 125 daAuts
